 Dungeon Crawl Stone Soup version 0.32-a0-886-g41c5271027 (webtiles) character file.

Game seed: 10504996033723231699

6337 Autsider the Thaumaturge (level 10, -17/96 (100) HPs)
             Began as an Oni Hedge Wizard on Apr 2, 2024.
             Was a Believer of Vehumet.
             Demolished by a cane toad (18 damage)
             ... on level 1 of the Lair of Beasts.
             The game lasted 00:48:22 (13134 turns).

Autsider the Thaumaturge (Oni Hedge Wizard)        Turns: 13134, Time: 00:48:23

HP:   -17/96 (100)  AC:  6    Str: 16    XL:     10   Next: 96%
MP:   13/24         EV:  9    Int: 19    God:    Vehumet [**....]
Gold: 396           SH:  0    Dex:  8    Spells: 15/29 levels left

rFire   . . .        r - +0 giant spiked club (protect)
rCold   . . .        (shield currently unavailable)
rNeg    . . .        (body armour restricted)
rPois   .            c - +1 hat
rElec   .            (no cloak)
rCorr   .            (gloves unavailable)
SInv    +            (boots unavailable)
Will    +....        (no amulet)
Stlth   +            h - +4 ring of protection
HPRegen 0.36/turn    s - ring of see invisible
MPRegen 0.19/turn

%: no passive effects
@: lethally poisoned (-17 -> -41), lightly drained
A: large, unfitting armour, horns 1, tough skin 1, double potion healing,
drunken brawling
a: Renounce Religion


You were on level 1 of the Lair of Beasts.
You worshipped Vehumet.
Vehumet was pleased with you.
You visited 3 branches of the dungeon, and saw 13 of its levels.

You collected 456 gold pieces.
You spent 60 gold pieces at shops.

Inventory:

Hand Weapons
 d - a +0 giant spiked club
 g - a +0 club
 r - a +0 giant spiked club of protection (weapon)
Armour
 c - a +1 hat (worn)
Magical Staves
 A - a staff of earth {!a}
Jewellery
 a - an amulet of guardian spirit
 h - a +4 ring of protection (left hand)
 s - a ring of see invisible (right hand)
 v - an amulet of faith
 C - a +5 ring of evasion
Wands
 q - a wand of roots (8)
 t - a wand of flame (14)
 x - a wand of paralysis (18)
 y - a wand of quicksilver (7)
 D - a wand of mindburst (4)
Scrolls
 b - a scroll of torment
 e - 3 scrolls of teleportation
 f - 6 scrolls of enchant armour
 i - a scroll of fear
 j - 2 scrolls of identify
 z - 2 scrolls of poison {unknown}
 E - a scroll of vulnerability {unknown}
Potions
 k - 3 potions of enlightenment
 l - a potion of haste {unknown}
 m - a potion of cancellation {unknown}
 n - a potion of might {unknown}
 o - a potion of berserk rage {unknown}
 p - 2 potions of lignification
 u - 4 potions of heal wounds {unknown}
 w - 2 potions of degeneration {unknown}
 B - 2 potions of curing


   Skills:
 + Level 6.4 Fighting
 + Level 1.4 Maces & Flails
 - Level 4.2 Dodging
 - Level 1.4 Stealth
 - Level 10.0 Spellcasting
 - Level 9.0 Conjurations
 - Level 4.0 Summonings
 - Level 2.0 Translocations
 + Level 2.7 Fire Magic
 - Level 2.2 Air Magic
 - Level 2.3 Alchemy


You had 15 spell levels left.
You knew the following spells:

 Your Spells              Type           Power      Damage    Failure   Level
a - Magic Dart            Conj           100%       1d8       1%          1
b - Iskenderun's Battles  Conj           43%        2d9       4%          5
c - Foxfire               Conj/Fire      100%       2x1d9     1%          1
w - Mephitic Cloud        Conj/Alch/Air  26%        N/A       3%          3
z - Blink                 Tloc           34%        N/A       4%          2
A - Call Imp              Summ           48%        N/A       2%          2

Your spell library contained the following spells:

 Spells                   Type           Power      Damage    Failure   Level
 Frozen Ramparts          Ice            18%        1d3       22%         3
 Cigotuvi's Dreadful Rot  Necr/Alch/Air  30%        N/A       6%          2
 Slow                     Hex            36%        N/A       8%          1
 Teleport Other           Tloc           17%        N/A       10%         3
 Starburst                Conj/Fire      15%        6d6       71%         6
 Bombard                  Conj/Erth      13%        9d3       87%         6
 Dispersal                Tloc           8%         N/A       99%         6
 Gell's Gavotte           Tloc           8%         2d(15-22) 99%         6
 Plasma Beam              Fire/Air       9%         2x1d20    99%         6
 Spellforged Servitor     Conj/Summ      17%        N/A       99%         7
 Sculpt Simulacrum        Ice/Alch       6%         N/A       100%        6
 Ozocubu's Refrigeration  Ice            4%         4d8       100%        7
 Polar Vortex             Ice            4%         N/A       100%        9


Dungeon Overview and Level Annotations

Branches:
Dungeon (11/15)            Temple (1/1) D:5            Lair (1/5) D:8
    Orc (0/2) D:9

Altars:
Ashenzari
Cheibriados
Dithmenos
Elyvilon
Fedhas
Gozag
Hepliaklqana
Kikubaaqudgha
Makhleb
Nemelex Xobeh
Okawaru
Qazlal
Ru
Sif Muna
Trog
Uskayaw
Vehumet
Wu Jian
Xom
Yredelemnul
Zin
The Shining One

Shops:
D:1 :   D:3 *   D:8 *

Annotations:
D:1 exclusion: downstairs
D:6 exclusion: downstairs
D:7 exclusion: 2 downstairs


Innate Abilities, Weirdness & Mutations

You are too large for most types of armour.
You have a pair of small horns on your head.
You have tough skin. (AC +1)
You gain doubled healing and magic from potions.
Whenever you drink a healing potion, you attack all around you.


Message History

The cane toad is heavily wounded.
The hell rat bites you. The cane toad stings you! The hell rat bites you!
* * * LOW HITPOINT WARNING * * *
You feel drained.
* * * LOW HITPOINT WARNING * * *
The hell rat barely misses you. The cane toad stings you.
* * * LOW HITPOINT WARNING * * *
You are poisoned.
The cane toad poisons you!
You are too injured to fight recklessly!
You are too injured to fight recklessly!
You are too injured to fight recklessly!
You are too injured to fight recklessly!
Unknown command.
You are too injured to fight recklessly!
You are too injured to fight recklessly!
Unknown command.
You are too injured to fight recklessly!
You are too injured to fight recklessly!
You barely miss the cane toad.
The cane toad is heavily wounded.
You feel extremely sick. The hell rat bites you!
* * * LOW HITPOINT WARNING * * *
The hell rat closely misses you. The cane toad stings you!
* * * LOW HITPOINT WARNING * * *
You are lethally poisoned!
The cane toad poisons you! The hell rat closely misses you.
The cane toad barely misses you.
You barely miss the cane toad.
You headbutt the cane toad, but do no damage.
The cane toad is heavily wounded.
* * * LOW HITPOINT WARNING * * *
You feel extremely sick. The hell rat barely misses you.
The hell rat completely misses you.
The hell rat bites you but does no damage.
The cane toad closely misses you. The hell rat bites you.
* * * LOW HITPOINT WARNING * * *
The hell rat barely misses you. The cane toad stings you!!
You die...

### ### ..####.## ........######
##### .............######.#.##
.......................####
.....................)....######
.................r.............##
................@F...............
................rr...............
.................................
..................#............r.
...................~.......†.....
.................~~~~~.........##
................~~~≈≈~..#..##.##
................~≈≈≈≈~...##.###
................~≈≈≈≈~>...###


You could see a cane toad and 3 hell rats.

Vanquished Creatures
  Joseph (D:8)
  2 elephants (D:8)
  A gargoyle (D:10)
  Psyche (D:8)
  A komodo dragon (Lair:1)
  A hornet (D:9)
  A troll (D:10)
  A yak (D:8)
  A steam dragon (D:9)
  3 wyverns
  2 orc warriors
  3 ice beasts
  4 black bears
  2 ogres
  3 centaurs
  A phantom (D:6)
  6 bullfrogs
  A kobold brigand (D:9)
  2 gnoll sergeants
  A scorpion (D:7)
  4 wights (D:9)
  6 killer bees
  A bombardier beetle (D:3)
  2 hounds (D:6)
  2 jellies
  3 orc priests (D:9)
  A sleepcap (D:5)
  2 iguanas
  A hell rat (Lair:1)
  4 orc wizards
  9 gnolls
  2 adders (D:6)
  3 shadow imps
  5 ufetubi (D:6)
  2 dart slugs
  2 ribbon worms
  25 orcs
  8 bats
  2 endoplasms (D:1)
  3 giant cockroaches
  10 goblins
  4 hobgoblins
  A jackal (D:2)
  16 kobolds
  3 quokkas
  5 ball pythons
  2 frilled lizards (D:2)
  3 rats
169 creatures vanquished.

Vanquished Creatures (collateral kills)
  2 scorpions
  A killer bee (D:6)
  A hound (D:4)
  A jelly (D:5)
  An iguana (D:5)
  2 gnolls (D:1)
  An adder (D:2)
  A shadow imp (D:6)
  An ufetubus (D:6)
  2 dart slugs (D:4)
  A jackal (D:2)
  A kobold (D:4)
  2 foxfires (D:6)
17 creatures vanquished.

Vanquished Creatures (others)
  252 foxfires
252 creatures vanquished.

Grand Total: 438 creatures vanquished

Notes
Turn   | Place    | Note
-------+----------+-------------------------------------------
     0 | D:1      | Autsider the Oni Hedge Wizard began the quest for the Orb.
     0 | D:1      | Reached XP level 1. HP: 16/16 MP: 5/5
    56 | D:1      | Reached skill level 1 in Conjurations
   250 | D:1      | Reached skill level 1 in Summonings
   405 | D:1      | Reached XP level 2. HP: 24/24 MP: 0/6
   408 | D:1      | Learned a level 2 spell: Call Imp
   411 | D:1      | Learned a level 2 spell: Blink
   987 | D:1      | Found Quduag's Book Boutique.
  1423 | D:2      | Reached skill level 4 in Spellcasting
  1423 | D:2      | Reached XP level 3. HP: 21/32 MP: 1/8
  1584 | D:1      | Reached skill level 1 in Fighting
  1667 | D:1      | Reached XP level 4. HP: 40/42 MP: 3/10
  1855 | D:2      | Found a faded altar of an unknown god.
  2819 | D:3      | Reached XP level 5. HP: 35/53 MP: 3/11
  2904 | D:3      | Found Muur Zyol's General Store.
  2913 | D:3      | Bought a scroll of identify for 24 gold pieces
  2913 | D:3      | Bought a scroll of teleportation for 36 gold pieces
  2977 | D:3      | Found an opulent altar of Gozag.
  2978 | D:3      | Found a basalt altar of Yredelemnul.
  2984 | D:3      | Found a burning altar of Makhleb.
  4210 | D:4      | Noticed a black bear
  4221 | D:4      | Killed a black bear
  4222 | D:4      | Reached XP level 6. HP: 47/62 MP: 0/13
  4586 | D:4      | Reached skill level 5 in Spellcasting
  4675 | D:5      | Entered Level 5 of the Dungeon
  5023 | D:4      | Learned a level 1 spell: Foxfire
  5263 | D:5      | Found a glowing silver altar of Zin.
  5300 | D:5      | Reached XP level 7. HP: 45/70 MP: 5/15
  5598 | D:5      | Found a staircase to the Ecumenical Temple.
  5605 | Temple   | Entered the Ecumenical Temple
  5618 | Temple   | Became a worshipper of Vehumet
  5674 | D:5      | Reached skill level 6 in Spellcasting
  5674 | D:5      | Reached skill level 1 in Translocations
  6302 | D:6      | Learned a level 3 spell: Mephitic Cloud
  6432 | D:6      | Found a sparkling altar of Nemelex Xobeh.
  6466 | D:6      | Reached XP level 8. HP: 78/78 MP: 7/17
  6552 | D:6      | Reached skill level 5 in Conjurations
  7123 | D:6      | Reached * piety under Vehumet
  7123 | D:6      | Offered knowledge of Sting by Vehumet.
  7674 | D:7      | Reached skill level 1 in Fire Magic
  7674 | D:7      | Reached skill level 1 in Air Magic
  7674 | D:7      | Reached skill level 1 in Alchemy
  7684 | D:7      | Identified a scroll of acquirement
  7684 | D:7      | Acquired a book of Power
  7694 | D:7      | Learned a level 5 spell: Iskenderun's Battlesphere
  8502 | D:7      | Noticed a wyvern
  8509 | D:7      | Killed a wyvern
  8510 | D:7      | Reached XP level 9. HP: 43/84 MP: 0/18
  9158 | D:8      | Reached skill level 7 in Spellcasting
  9162 | D:8      | Noticed Psyche
  9165 | D:8      | Paralysed by Psyche for 3 turns
  9179 | D:8      | Paralysed by something for 5 turns
  9382 | D:8      | Noticed Joseph
  9397 | D:8      | Killed Joseph
  9398 | D:8      | Reached skill level 8 in Spellcasting
  9444 | D:8      | Paralysed by Psyche for 2 turns
  9453 | D:8      | Paralysed by Psyche for 5 turns
  9459 | D:8      | Killed Psyche
  9857 | D:8      | Noticed an elephant
 10262 | D:8      | Found a staircase to the Lair.
 10262 | D:8      | Noticed an elephant
 10284 | D:8      | Killed an elephant
 10285 | D:8      | Reached skill level 9 in Spellcasting
 10285 | D:8      | Reached XP level 10. HP: 56/92 MP: 2/23
 10401 | D:8      | Killed an elephant
 10541 | D:8      | Found Enuij's General Store.
 10739 | D:9      | Offered knowledge of Sandblast by Vehumet.
 10741 | D:9      | Reached ** piety under Vehumet
 11389 | D:9      | Reached skill level 10 in Spellcasting
 11489 | D:9      | Found a staircase to the Orcish Mines.
 11912 | D:9      | Reached skill level 5 in Fighting
 12121 | D:10     | Entered Level 10 of the Dungeon
 12210 | D:10     | Noticed a gargoyle
 12227 | D:10     | Killed a gargoyle
 12419 | D:10     | Noticed a kobold demonologist
 12420 | D:10     | Noticed a kobold demonologist
 12429 | D:11     | Noticed an unseen horror
 12919 | Lair:1   | Entered Level 1 of the Lair of Beasts
 13009 | Lair:1   | Reached skill level 1 in Maces & Flails
 13098 | Lair:1   | Offered knowledge of Frozen Ramparts by Vehumet.
 13118 | Lair:1   | Noticed a cane toad
 13134 | Lair:1   | HP: 1/96 [hell rat (6)]
 13134 | Lair:1   | Demolished by a cane toad

Illustrated notes

Levels and vault maps discovered:
D:1:      minmay_arrival_nine_rooms, layout_basic, serial_shops, shop
D:2:      layout_basic, basic_ecumenical_altar
D:3:      layout_loops_ring, gammafunk_temple_overflow_forgotten, serial_shops,
          shop
D:4:      layout_rooms, minmay_misc_feat_rugged
D:5:      layout_loops_corners, zin_scriptorium,
          minmay_temple_entry_purple_smoke
D:6:      layout_cave_pods, mainiacjoe_overflow_chevrons
D:7:      layout_cave_pools, minmay_misc_feat_doors
D:8:      layout_rooms, grunt_lair_entry_orc_guard_hut, serial_shops,
          nicolae_shop_rolling_square, uniq_joseph, uniq_psyche
D:9:      layout_rooms, david_orc_2
D:10:     layout_gridville
D:11:     layout_basic, uniq_urug
Temple:   minmay_crystal_spiral_temple
Lair:1:   layout_hall_layers, serial_bayou_shore_a, grunt_megastairs_2,
          infiniplex_staircase_pool, lemuel_fruit_fields, serial_bayou_shore_b

Skill      XL: |  1  2  3  4  5  6  7  8  9 10 |
---------------+-------------------------------+-----
Conjurations   | 1 2 3 4 6 8 9 |  9.0
Summonings     | 1 2 3 4 |  4.0
Spellcasting   | 4 5 6 9 10 | 10.0
Fighting       | 1 3 4 6 |  6.4
Translocations | 2 |  2.0
Fire Magic     | 2 |  2.7
Air Magic      | 2 |  2.2
Alchemy        | 2 |  2.3
Dodging        | 4 |  4.2
Maces & Flails | 1 |  1.4
Stealth        | |  1.4

Action                     |  1- 3 |  4- 6 |  7- 9 | 10-12 || total
---------------------------+-------+-------+-------+-------++-------
  Melee: Unarmed           |     8 |       |     1 |       ||     9
         Club              |     3 |    25 |    10 |       ||    38
         Headbutt          |     1 |     6 |     6 |     4 ||    17
         Giant spiked club |       |       |     8 |    15 ||    23
   Cast: Magic Dart        |    51 |   140 |   101 |   143 ||   435
         Call Imp          |     5 |    18 |    17 |     2 ||    42
         Foxfire           |       |    14 |   130 |       ||   144
         Iskenderun's Batt |       |       |    20 |    23 ||    43
         Mephitic Cloud    |       |       |     5 |    12 ||    17
         Blink             |       |       |     2 |     4 ||     6
    Use: Scroll            |       |       |    11 |       ||    11
         Potion            |       |       |     2 |     2 ||     4
   Stab: Confused          |       |       |       |     1 ||     1
 Armour: Skin              |    23 |    77 |   112 |    58 ||   270
  Dodge: Dodged            |    11 |    30 |    52 |    41 ||   134

Table legend: (Time is in decaauts)
 A = Elapsed time spent in this place.
 B = Non-inter-level travel time spent in this place.
 C = Inter-level travel time spent in this place.
 D = Time resting spent in this place.
 E = Time spent auto-exploring this place.
 F = Levels seen in this place.
 G = Mean time per level.
                   A        B        C        D        E       F      G
               +--------+--------+--------+--------+--------+-----+--------+
         Total |  13168 |  12448 |    720 |   1171 |   9431 |  13 | 1012.9 |
       Dungeon |  12924 |  12231 |    693 |   1123 |   9315 |  11 | 1174.9 |
        Temple |     26 |      1 |     25 |      0 |      0 |   1 |   26.0 |
          Lair |    217 |    215 |      2 |     48 |    116 |   1 |  217.0 |
               +--------+--------+--------+--------+--------+-----+--------+

Top non-repeatable levels by time:
     D:6: 1820 daAuts
     D:1: 1687 daAuts
     D:7: 1614 daAuts
     D:5: 1454 daAuts
     D:8: 1407 daAuts
     D:9: 1364 daAuts
     D:4: 1262 daAuts
     D:2: 1148 daAuts
     D:3: 844 daAuts
    D:10: 318 daAuts
  Lair:1: 217 daAuts
  Temple: 26 daAuts
    D:11: 1 daAuts
